Map: [ESL] Moondance

Players

PattyMac - Winner!

  • Race: Protoss Protoss
  • Spawn Location: 6:00

Future

  • Race: Terran Terran
  • Spawn Location: 12:00

Event: DreamHack SC2 Masters 2022 Atlanta (Online)

VOD

Have the link to the VOD?

Description

Time

  • Played on: Oct. 9, 2022, 4:06 p.m.
  • Length: 18:14

All games in this series

Show
View Real Time Build Order
Export as new Build Order

PattyMac Protoss - Winner!

Build Orders: 1 Gate Expand, Blink Stalkers, Zealot Archon 

Get SALT Encoding   

  12  0:00  Probe  
  13  0:12  Probe  
  14  0:17  Pylon  
  14  0:24  Probe (Chrono Boost)  
  15  0:36  Gateway, Probe (Chrono Boost)  
  16  0:44  Probe (Chrono Boost)  
  16  0:45  Assimilator  
  17  0:51  Probe  
  18  0:59  Gateway  
  18  1:03  Probe  
  19  1:23  Cybernetics Core  
  19  1:36  Nexus  
  19  1:43  Pylon  
  19  1:46  Probe  
  20  1:59  Adept (Chrono Boost)  
  20  2:00  Warp Gate  
  23  2:04  Adept (Chrono Boost)  
  23  2:08  Probe  
  25  2:10  Assimilator  
  25  2:20  Adept (Chrono Boost), Probe  
  28  2:28  Adept  
  30  2:32  Probe  
  31  2:48  Twilight Council, Probe  
  31  2:49  Probe  
  32  3:07  Robotics Facility, Probe (Chrono Boost)  
  32  3:08  Probe (Chrono Boost)  
  33  3:17  Probe (Chrono Boost)  
  35  3:20  Probe (Chrono Boost)  
  35  3:21  Gateway  
  35  3:22  Probe (Chrono Boost)  
  36  3:29  Probe  
  36  3:33  Probe  
  36  3:36  Blink (Chrono Boost)  
  36  3:41  Probe, Pylon  
  37  3:46  Probe  
  36  3:56  Probe  
  36  3:58  Stalker x2  
  36  4:00  Probe  
  42  4:02  Assimilator  
  42  4:03  Observer (Chrono Boost)  
  42  4:09  Probe  
  42  4:10  Gateway  
  42  4:14  Probe  
  43  4:17  Pylon  
  43  4:20  Stalker  
  43  4:23  Stalker  
  47  4:26  Probe  
  47  4:28  Probe  
  47  4:31  Observer  
  49  4:34  Stalker  
  52  4:38  Probe  
  52  4:41  Pylon  
  52  4:44  Observer  
  52  4:45  Stalker  
  52  4:48  Probe  
  55  4:58  Nexus  
  55  5:00  Probe  
  55  5:06  Probe  
  57  5:12  Probe  
  57  5:13  Templar Archives  
  58  5:16  Assimilator  
  58  5:18  Probe  
  58  5:19  Charge (Chrono Boost)  
  59  5:24  Probe  
  60  5:30  Probe  
  61  5:36  Probe, Psionic Storm  
  61  5:41  Gateway  
  61  5:42  Probe  
  63  5:43  Gateway  
  63  5:46  Gateway  
  63  5:48  Gateway, Probe  
  64  5:54  Probe  
  64  5:56  Pylon  
  65  5:59  High Templar  
  65  6:01  Probe  
  68  6:06  Pylon  
  68  6:09  Pylon  
  68  6:10  Probe  
  69  6:13  High Templar  
  69  6:15  Zealot x2  
  69  6:16  Warp Prism (Chrono Boost)  
  77  6:28  Pylon  
  77  6:34  High Templar  
  77  6:37  Zealot x3  
  85  6:44  Zealot x2  
  85  6:45  Zealot  
  91  6:47  Immortal (Chrono Boost)  
  91  6:50  Zealot  
  97  6:54  Shield Battery  
  97  7:03  Zealot x3  
  97  7:05  Archon  
  104  7:08  Probe x2  
  104  7:10  High Templar x2, Pylon  
  109  7:17  Zealot x3  
  101  7:26  Probe x2  
  101  7:28  Assimilator  
  101  7:29  Probe  
  94  7:32  Robotics Bay  
  94  7:33  Assimilator  
  92  7:40  Zealot x5  
  92  7:41  Probe  
  95  7:47  Pylon  
  95  7:48  Stalker x2  
  99  7:51  Pylon  
  101  8:00  Robotics Facility  
  101  8:01  Probe x3  
  101  8:03  Adept  
  104  8:09  Zealot x3  
  104  8:10  Zealot  
  97  8:28  Extended Thermal Lance  
  97  8:29  Probe x2  
  97  8:31  Pylon  
  97  8:32  Colossus (Chrono Boost)  
  105  8:44  Observer  
  105  8:45  Zealot x3  
  113  8:52  Colossus (Chrono Boost), Forge  
  117  9:00  Pylon  
  117  9:02  Nexus  
  117  9:08  High Templar  
  117  9:16  Zealot x4  
  117  9:20  High Templar  
  117  9:21  Protoss Ground Weapons Level 1 (Chrono Boost)  
  119  9:26  Stalker x2  
  123  9:34  Probe x3  
  123  9:35  Warp Prism (Chrono Boost)  
  124  9:50  Zealot x4  
  126  9:56  Zealot x2  
  126  9:57  Zealot  
  126  9:59  Stalker  
  111  10:17  Stalker x3  
  113  10:26  Probe x3  
  116  10:34  Zealot x2  
  116  10:35  Zealot x3  
  126  10:37  Disruptor x2 (Chrono Boost)  
  126  10:39  Photon Cannon  
  126  10:40  Shield Battery  
  126  10:42  Probe x3  
  135  10:45  Pylon x2  
  135  10:55  High Templar x2  
  135  10:56  High Templar x2  
  143  10:57  Stalker x2  
  143  10:58  Stalker  
  143  10:59  Archon  
  143  11:00  Archon  
  149  11:06  Observer  
  149  11:08  Probe  
  149  11:09  Probe  
  152  11:16  Protoss Ground Armor Level 1 (Chrono Boost)  
  138  11:22  Zealot x4  
  138  11:23  Disruptor  
  143  11:40  Zealot x4  
  136  11:48  Archon  
  99  11:57  Stalker  
  99  11:58  Stalker x3  
  99  11:59  Disruptor (Chrono Boost)  
  99  12:00  Probe  
  106  12:02  Disruptor (Chrono Boost)  
  106  12:09  Nexus, Forge  
  106  12:10  Stalker x3  
  106  12:12  Pylon  
  106  12:13  Pylon  
  112  12:23  Zealot x5  
  112  12:24  Shield Battery  
  112  12:29  Disruptor (Chrono Boost)  
  125  12:32  Disruptor (Chrono Boost)  
  125  12:36  Zealot x3  
  114  12:55  Probe  
  114  12:56  Probe  
  116  12:59  Protoss Ground Weapons Level 2 (Chrono Boost)  
  116  13:00  Zealot x8  
  116  13:02  Probe x2  
  135  13:07  Probe  
  135  13:10  Assimilator  
  135  13:11  Assimilator  
  135  13:12  Disruptor x2 (Chrono Boost)  
  136  13:19  Dark Shrine  
  139  13:21  Zealot x3  
  139  13:24  Probe  
  140  13:41  Zealot x7  
  147  13:43  Protoss Ground Armor Level 2 (Chrono Boost)  
  149  13:54  Photon Cannon  
  149  13:55  Shield Battery  
  149  13:58  Gateway  
  149  13:59  Assimilator  
  149  14:00  Gateway  
  148  14:08  Stalker x6  
  158  14:28  Stalker x2  
  160  14:33  Zealot x6  
  172  14:42  Colossus (Chrono Boost)  
  172  14:43  Colossus (Chrono Boost)  
  176  14:53  Zealot, Dark Templar  
  176  14:54  Dark Templar x2  
  176  14:56  Stalker  
  186  15:12  Nexus  
  182  15:21  Zealot x3  
  182  15:22  Zealot x3  
  188  15:33  Colossus x2 (Chrono Boost)  
  182  15:45  Pylon  
  170  15:54  Stalker x6  
  176  16:04  Zealot x4  
  180  16:18  Nexus  
  180  16:24  Observer  
  181  16:38  Zealot x3  
  175  16:48  Zealot x3  
  175  16:52  Zealot x3  
  165  17:03  Disruptor x2 (Chrono Boost)  
  165  17:07  Nexus, High Templar x2  
  165  17:08  High Templar x2  
  169  17:15  Pylon  
  169  17:17  Probe  
  169  17:20  Stalker x5  
  178  17:36  Zealot  
Show
View Real Time Build Order
Export as new Build Order

Future Terran 

Build Orders:  

Get SALT Encoding   

  12  0:00  SCV  
  13  0:12  SCV  
  14  0:17  Supply Depot  
  14  0:24  SCV  
  15  0:38  SCV  
  15  0:39  Barracks  
  16  0:44  Refinery  
  16  0:50  SCV  
  17  1:02  SCV  
  18  1:14  SCV  
  19  1:26  Barracks Reactor  
  19  1:27  Orbital Command  
  19  1:38  Command Center  
  19  1:46  Supply Depot  
  19  1:52  SCV  
  20  2:02  Marine x2  
  20  2:04  SCV  
  20  2:06  Bunker  
  23  2:17  SCV, Factory  
  23  2:22  Marine x2  
  24  2:29  SCV  
  27  2:33  Refinery  
  27  2:40  Marine x2  
  27  2:41  SCV  
  30  2:52  Orbital Command  
  30  2:53  SCV  
  29  3:00  Marine  
  29  3:01  Marine  
  29  3:04  Starport  
  29  3:05  SCV  
  32  3:07  Factory Tech Lab  
  32  3:17  SCV x2  
  32  3:18  Marine x2  
  35  3:30  SCV  
  35  3:36  Siege Tank, Marine x2  
  35  3:37  SCV  
  40  3:43  SCV  
  43  3:50  SCV  
  46  3:55  SCV  
  46  3:58  Supply Depot  
  46  4:07  SCV x2  
  46  4:08  Marine x2  
  46  4:13  Barracks  
  46  4:17  Factory Tech Lab  
  46  4:20  SCV x2, Raven  
  46  4:21  Supply Depot  
  46  4:22  Barracks  
  50  4:26  Marine x2  
  52  4:33  SCV x2  
  54  4:41  Supply Depot  
  54  4:43  Supply Depot, Siege Tank  
  54  4:44  Marine x2  
  54  4:45  SCV x2  
  61  4:49  Refinery  
  61  4:51  Engineering Bay  
  61  4:57  SCV  
  62  5:02  Marine x2  
  62  5:03  SCV  
  65  5:09  Supply Depot, SCV  
  65  5:11  Stimpack  
  65  5:12  Marauder  
  68  5:15  SCV, Starport Reactor  
  68  5:20  Marauder  
  68  5:21  SCV, Marine x2  
  73  5:23  Refinery  
  73  5:25  Terran Infantry Weapons Level 1  
  73  5:27  SCV, Factory Reactor  
  74  5:33  Supply Depot, SCV  
  74  5:35  Supply Depot, Marauder  
  77  5:39  SCV, Marine x2  
  77  5:41  Marauder  
  82  5:47  Combat Shield  
  82  5:53  Missile Turret  
  82  5:56  Marauder, Marine  
  82  5:57  Marine  
  85  6:00  Supply Depot  
  85  6:02  Marauder  
  90  6:04  Widow Mine x2  
  90  6:09  Medivac  
  94  6:14  Medivac  
  96  6:18  Supply Depot  
  96  6:19  Supply Depot, Marauder  
  96  6:20  Marine  
  96  6:21  Marine  
  96  6:24  Marauder  
  102  6:27  Widow Mine x2  
  106  6:37  Marine  
  106  6:38  Marine  
  108  6:41  Marauder  
  108  6:45  Marauder  
  110  6:50  Medivac x2  
  110  6:52  Command Center  
  114  6:57  Widow Mine x2  
  114  6:58  Marine x2  
  115  7:01  Marine  
  115  7:07  Marauder  
  111  7:15  Marine  
  111  7:16  Barracks, Marine  
  111  7:17  Barracks  
  111  7:20  Marauder  
  91  7:28  Marauder  
  91  7:29  Widow Mine  
  82  7:35  Marine x2  
  84  7:38  Widow Mine  
  84  7:39  Medivac x2  
  84  7:41  Marauder  
  84  7:42  SCV  
  84  7:43  SCV  
  94  7:49  Marauder  
  98  7:51  Widow Mine  
  98  7:53  Marine x2  
  98  7:55  SCV x2  
  102  8:00  Widow Mine  
  102  8:03  Marauder  
  102  8:04  Barracks Reactor  
  102  8:05  Barracks Tech Lab  
  107  8:07  SCV  
  107  8:08  Orbital Command  
  107  8:11  Marauder  
  98  8:22  Marine x2  
  98  8:23  Widow Mine  
  98  8:24  SCV, Widow Mine, Marauder  
  98  8:25  SCV  
  98  8:26  Medivac  
  98  8:27  Medivac  
  112  8:29  Marauder  
  112  8:33  Marauder  
  116  8:40  Marine x3  
  116  8:41  Marine  
  115  8:44  Ghost Academy  
  115  8:45  Marauder  
  115  8:47  Widow Mine x2  
  121  8:51  Marauder  
  121  8:54  Marine  
  124  8:57  Marine  
  124  8:59  Terran Infantry Armor Level 1  
  125  9:03  Marine x3  
  125  9:05  Medivac  
  125  9:07  Marauder  
  125  9:09  Refinery  
  132  9:10  Supply Depot  
  132  9:12  Supply Depot, Marauder x2  
  132  9:21  Widow Mine  
  132  9:22  Widow Mine  
  136  9:28  Marine x2  
  136  9:29  Marine  
  136  9:31  Ghost  
  139  9:33  Marine, Ghost  
  139  9:34  Marine  
  139  9:36  Supply Depot, SCV  
  139  9:37  SCV x2  
  148  9:40  Command Center  
  148  9:51  Marine x2  
  148  9:52  Marauder  
  139  10:00  Viking x2, Marauder  
  139  10:06  Widow Mine  
  139  10:07  Widow Mine  
  142  10:08  Marauder  
  142  10:09  Marine  
  142  10:13  Marauder  
  130  10:21  Marauder  
  130  10:22  Marine x2  
  130  10:28  SCV x3  
  136  10:30  Viking x2, Marauder  
  143  10:40  Missile Turret, Enhanced Shockwaves  
  143  10:44  Marine x3  
  143  10:45  Marine  
  143  10:47  Missile Turret  
  147  10:56  SCV  
  147  10:57  SCV x2  
  149  11:01  Viking  
  149  11:02  Viking  
  154  11:08  SCV  
  154  11:09  SCV  
  154  11:17  Marauder x2, Marine x2  
  154  11:18  Marauder  
  151  11:23  Marine  
  148  11:26  Marine  
  148  11:31  Medivac  
  148  11:32  Medivac  
  147  11:35  Marine x2  
  147  11:38  Marine  
  147  11:39  Marauder, Marine  
  125  11:49  Marine  
  103  11:56  Marauder  
  103  11:57  SCV x2, Marauder  
  103  11:58  SCV  
  103  12:00  Marauder  
  108  12:01  Marine x2  
  108  12:02  Widow Mine x2  
  108  12:08  Marine x2  
  116  12:09  Medivac x2  
  116  12:14  Missile Turret, Sensor Tower  
  120  12:16  SCV x3, Planetary Fortress  
  120  12:18  Marauder x2  
  120  12:19  Marine  
  120  12:20  Concussive Shells  
  120  12:21  Marauder  
  130  12:27  Marine x2  
  130  12:28  SCV x2  
  130  12:29  SCV  
  135  12:33  Widow Mine  
  135  12:34  Widow Mine  
  136  12:42  Ghost x2  
  136  12:43  Ghost  
  133  12:46  Marine  
  133  12:47  Marine  
  126  12:51  Marine x2  
  124  13:04  Widow Mine x2  
  128  13:06  Medivac x2, Marine x2  
  134  13:13  Marauder x3, Marine  
  134  13:15  Marine  
  142  13:26  Widow Mine x2  
  118  13:36  Marauder x3, Marine  
  118  13:37  Marine x3  
  123  13:46  Liberator  
  123  13:47  Widow Mine x2  
  130  13:49  Liberator  
  130  13:54  Marine  
  134  13:56  Marine  
  134  13:57  Marauder x3, Marine  
  134  13:58  Marine  
  143  14:12  Marine  
  143  14:14  Marine x2  
  143  14:15  Marine  
  141  14:18  Marauder x2  
  141  14:19  Marauder  
  141  14:21  Widow Mine x2  
  147  14:29  Liberator  
  147  14:30  Marine  
  137  14:32  Liberator, Marine x2  
  142  14:40  Marauder x3  
  144  14:49  Widow Mine x2  
  144  14:51  Marine x3  
  151  14:53  Marine  
  151  14:56  Refinery  
  152  15:00  Ghost x2  
  152  15:01  Ghost  
  158  15:09  Marine x2  
  158  15:12  Marine  
  158  15:13  Refinery, Marine  
  159  15:27  Marine x2  
  152  15:29  Widow Mine x2, Ghost  
  152  15:30  Marauder x2, Marine  
  156  15:38  Medivac x2  
  156  15:39  Marine  
  155  15:44  Marine x2  
  155  15:48  Marine  
  155  15:51  Marauder x2  
  153  15:57  Marine  
  153  15:58  Marauder  
  153  15:59  Widow Mine x2  
  153  16:02  Marine  
  160  16:05  Marine  
  160  16:06  Marine  
  160  16:08  Viking x2  
  166  16:13  Marauder x2  
  166  16:15  Marine  
  169  16:20  Marauder  
  169  16:25  Marine x2  
  165  16:26  Marine  
  168  16:33  Supply Depot, Marine  
  168  16:34  Supply Depot, Widow Mine x2, Marauder x2  
  177  16:41  Marauder  
  140  16:55  Marauder, Marine x2  
  140  16:56  Marauder  
  140  17:00  Widow Mine x2  
  132  17:02  Marauder, Marine x2  
  134  17:13  Marine x2  
  126  17:16  Marine  
  126  17:17  Marauder  
  126  17:21  Widow Mine x2  
  126  17:22  Marine x2  
  134  17:24  Marauder  
  137  17:35  Marauder  
  111  17:38  Marauder  
  111  17:39  Marine  
  94  17:45  Marauder  
Tags
 
Add a new tag
Caveats
  • Supply blocks, unpowered buildings, or Contaminate may cause inaccurate times.
  • Supply counts are checked every 10 seconds.